Map: Magannatha LE

Players

mares

  • Race: Protoss Protoss
  • Spawn Location: 5:00

A.I. 1 (Very Easy) - Winner!

  • Race: Terran Terran
  • Spawn Location: 11:00

VOD

Have the link to the VOD?

Description

Time

  • Played on: June 8, 2025, 5:59 a.m.
  • Length: 4:37
Show
View Real Time Build Order
Export as new Build Order

mares Protoss 

Build Orders: 1 Gate Expand, Dark Templar Rush 

Get SALT Encoding   

  6  0:00  Probe  
  13  0:12  Probe  
  14  0:18  Pylon  
  14  0:24  Probe  
  15  0:35  Probe  
  15  0:36  Gateway  
  15  0:41  Assimilator  
  16  0:43  Probe  
  17  0:51  Probe  
  18  1:03  Probe  
  19  1:18  Probe  
  20  1:23  Cybernetics Core  
  20  1:34  Nexus  
  20  1:37  Probe  
  21  1:44  Pylon  
  21  1:50  Stalker  
  21  1:51  Assimilator  
  21  1:54  Probe  
  22  2:06  Probe  
  22  2:07  Warp Gate  
  25  2:18  Probe  
  26  2:23  Twilight Council  
  26  2:30  Probe  
  26  2:34  Pylon  
  27  2:43  Probe  
  28  2:46  Probe  
  29  2:52  Robotics Facility  
  29  2:56  Probe  
  29  2:58  Probe  
  31  3:05  Dark Shrine  
  31  3:08  Probe  
  31  3:10  Probe  
  33  3:20  Gateway  
  33  3:23  Probe  
  33  3:26  Gateway  
  34  3:32  Gateway  
  34  3:39  Warp Prism  
  34  3:41  Assimilator  
  36  3:44  Assimilator  
  34  3:55  Probe x2  
  38  4:07  Probe x2  
  40  4:18  Dark Templar x2  
  40  4:23  Probe x2  
  46  4:32  Dark Templar x2  
Show
View Real Time Build Order
Export as new Build Order

A.I. 1 (Very Easy) Terran - Winner!

Build Orders: Reaper Expand 

Get SALT Encoding   

  6  0:00  SCV  
  13  0:13  SCV  
  14  0:18  Supply Depot  
  14  0:41  Barracks  
  14  1:02  Command Center  
  14  1:27  Orbital Command  
  14  1:28  Marine  
  14  1:32  Supply Depot  
  15  1:37  Refinery  
  15  1:50  Refinery  
  15  1:53  SCV  
  16  2:05  SCV  
  17  2:17  SCV  
  17  2:18  SCV, Reaper  
  20  2:29  SCV  
  21  2:33  SCV  
  22  2:41  SCV  
  23  2:47  SCV  
  24  2:54  Refinery, SCV  
  25  3:01  SCV  
  25  3:02  Marine  
  27  3:08  SCV  
  28  3:15  Factory  
  28  3:16  SCV  
  29  3:39  Refinery  
  29  3:41  SCV  
  30  3:47  Marine  
  30  3:48  SCV  
  32  3:53  Supply Depot  
  32  3:55  SCV  
  33  4:02  Starport, SCV  
  34  4:07  Barracks Tech Lab  
  34  4:09  SCV  
  35  4:16  SCV  
  36  4:24  SCV  
  37  4:28  Supply Depot  
Tags
 
Add a new tag
Caveats
  • Supply blocks, unpowered buildings, or Contaminate may cause inaccurate times.
  • Supply counts are checked every 10 seconds.